 Dungeon Crawl Stone Soup version 0.27.1-34-g3ba077fa99 (webtiles) character file.

Game seed: 12768001830541367648

49 Sharkman1231 the Vexing (level 3, 0/26 HPs)
             Began as a Demonspawn Enchanter on Jan 19, 2022.
             Succumbed to an adder's poison
             ... on level 2 of the Dungeon.
             The game lasted 00:02:52 (1687 turns).

Sharkman1231 the Vexing (Demonspawn Enchanter)      Turns: 1687, Time: 00:02:53

Health: 0/26       AC:  2    Str:  9    XL:     3   Next: 51%
Magic:  0/6        EV: 12    Int: 20    God:
Gold:   69         SH:  0    Dex: 13    Spells: 3/6 levels left

rFire    . . .     SeeInvis .   a - +1 dagger
rCold    . . .     Faith    .   (no shield)
rNeg     . . .     Spirit   .   b - +0 robe
rPois    .         Reflect  .   (no helmet)
rElec    .         Harm     .   e - scarf {repulsion}
rCorr    .         Rampage  .   (no gloves)
Will     .....                  (no boots)
Stlth    ++........             (no amulet)
HPRegen  0.08/turn              (no ring)
MPRegen  0.10/turn              (no ring)

@: lethally poisoned (0 -> -1), repel missiles
A: big brain 1, clever 1, wild magic 1, no potion heal 1
a: no special abilities


You were on level 2 of the Dungeon.
You visited 1 branch of the dungeon, and saw 2 of its levels.

You collected 69 gold pieces.

Inventory:

Hand Weapons
 a - a +1 dagger (weapon)
Armour
 b - a +0 robe (worn)
 e - a scarf of repulsion (worn)
Scrolls
 c - a scroll of enchant armour {unknown}
 d - a scroll of amnesia {unknown}
 f - a scroll of identify {unknown}


   Skills:
 + Level 1.0 Fighting
 + Level 1.4 Short Blades
 + Level 2.2 Dodging
 + Level 3.1 Stealth
 - Level 2.0 Spellcasting
 + Level 3.2 Hexes
 + Level 0.6 Ice Magic


You had 3 spell levels left.
You knew the following spells:

 Your Spells              Type           Power      Damage    Failure   Level
a - Ensorcelled Hibernat  Hex/Ice        24%        N/A       16%         2
b - Corona                Hex            21%        N/A       7%          1

Your spell library contained the following spells:

 Spells                   Type           Power      Damage    Failure   Level
 Confusing Touch          Hex            19%        N/A       17%         3
 Tukima's Dance           Hex            19%        N/A       17%         3
 Dazzling Flash           Conj/Hex       22%        N/A       32%         3
 Inner Flame              Hex/Fire       11%        N/A       32%         3
 Cause Fear               Hex            9%         N/A       47%         4
 Discord                  Hex            9%         N/A       100%        8


Dungeon Overview and Level Annotations

Branches:
Dungeon (2/15)

Altars:


Innate Abilities, Weirdness & Mutations

You have an unusually large brain. (Int +2)
Your mind is acute. (Int +2)
Your spells are a little harder to cast, but a little more powerful.
Potions are less effective at restoring your health.


Message History

Confirm with . or Enter, or press ? or * to list all spells.
Aiming: Ensorcelled Hibernation (safe; 12% risk of failure)
Press: ? - help, Shift-Dir - straight line, f - adder
Aim: an adder (chance to affect: 49%)
You miscast Ensorcelled Hibernation.
You are very lightly contaminated with residual magic.
Nothing appears to happen.
The adder completely misses you.
Casting: Ensorcelled Hibernation (safe; 12% risk of failure)
Confirm with . or Enter, or press ? or * to list all spells.
Aiming: Ensorcelled Hibernation (safe; 12% risk of failure)
Press: ? - help, Shift-Dir - straight line, f/p - adder
Aim: an adder (chance to affect: 49%)
The adder resists with some effort.
The adder bites you. x2
You are poisoned.
The adder poisons you!
Unknown command.
Casting: Ensorcelled Hibernation (safe; 12% risk of failure)
Confirm with . or Enter, or press ? or * to list all spells.
Aiming: Ensorcelled Hibernation (safe; 12% risk of failure)
Press: ? - help, Shift-Dir - straight line, f/p - adder
Aim: an adder (chance to affect: 49%)
The adder resists with some effort.
You feel sick. The adder closely misses you.
Unknown command.
You feel sick.
It was a potion of mutation.
You feel extremely strange.
Your system partially rejects the healing effects of potions.
You feel less in control of your magic.
You feel clever.
You feel sick. The adder closely misses you.
You feel sick. The adder bites you.
* * * LOW HITPOINT WARNING * * *
* * * LOW HITPOINT WARNING * * *
You feel sick.
Your magical contamination has completely faded away.
* * * LOW HITPOINT WARNING * * *
You feel sick.
You see here 5 gold pieces.
You aren't carrying any potions.
Unknown command.
You die...

#.#####.# .# #.#.#
#.########.# #.#.#
#....†..##.#######
#.#.#
######............#
#.# #.?PP.PP.P.#.#
#.# #...P♣♣P...#.#
#.#####
#..P.PP..P.#.#
#......
##..♣._PP....#
#######
#.P.!♣♣@P...#
#...)..P$...#
#....P†.PS#.....
##.......#######
#.............#
#############.#


You could see an adder.

Vanquished Creatures
  2 adders (D:2)
  A dart slug (D:2)
  2 ball pythons (D:1)
  3 bats
  2 endoplasms (D:1)
  3 giant cockroaches
  3 goblins (D:1)
  3 hobgoblins
  A quokka (D:1)
  4 frilled lizards
  2 kobolds
  2 rats (D:1)
28 creatures vanquished.

Vanquished Creatures (others)
  2 fungi (D:2)
  2 plants (D:2)
4 creatures vanquished.

Grand Total: 32 creatures vanquished

Notes
Turn   | Place    | Note
-------+----------+-------------------------------------------
     0 | D:1      | Sharkman1231 the Demonspawn Enchanter began the quest for
                  | the Orb.
     0 | D:1      | Reached XP level 1. HP: 13/13 MP: 3/3
    56 | D:1      | Reached skill level 1 in Short Blades
   293 | D:1      | Gained mutation: You have an unusually large brain. (Int
                  | +2) [demonic ancestry]
   293 | D:1      | Reached XP level 2. HP: 18/20 MP: 5/5
   715 | D:1      | Learned a level 2 spell: Ensorcelled Hibernation
  1502 | D:2      | Reached XP level 3. HP: 25/25 MP: 3/6
  1601 | D:2      | Found a faded altar of an unknown god.
  1604 | D:2      | Reached skill level 1 in Fighting
  1683 | D:2      | Gained mutation: Potions are less effective at restoring
                  | your health. [potion of mutation]
  1683 | D:2      | Gained mutation: Your spells are a little harder to cast,
                  | but a little more powerful. [potion of mutation]
  1683 | D:2      | Gained mutation: Your mind is acute. (Int +2) [potion of
                  | mutation]
  1686 | D:2      | HP: 1/26 [poisoned by an adder]
  1687 | D:2      | Succumbed to an adder's poison

Illustrated notes

Levels and vault maps discovered:
D:1:      arrival_zaba_pyramid, layout_rooms
D:2:      layout_basic, dreamdust_ecumenical_altar_grove, kennysheep_doodads,
          minmay_diced_spiral

Skill      XL: |  1  2  3 |
---------------+----------+-----
Short Blades   | 1 |  1.4
Dodging        | 2 |  2.2
Stealth        | 3 |  3.1
Fighting       | 1 |  1.0
Spellcasting   | |  2.0
Hexes          | |  3.2
Ice Magic      | |  0.6

Action                   || total
-------------------------++-------
Melee: Dagger            ||   102
 Cast: Ensorcelled Hiber ||     9
  Use: Potion            ||     1
 Stab: Sleeping          ||     8
       Distracted        ||     1
Armor: Robe              ||    19
Dodge: Dodged            ||    66
